 Dungeon Crawl Stone Soup version 0.20.1-1-g8b1a95d (webtiles) character file.

3885 tidbits the Fighter (level 9, -1/85 HPs)
             Began as a Demigod Wanderer on Aug 22, 2017.
             Slain by a red ugly thing (28 damage)
             ... on level 10 of the Dungeon.
             The game lasted 00:46:36 (3303 turns).

tidbits the Fighter (Demigod Wanderer)              Turns: 3303, Time: 00:46:37

Health: -1/85      AC: 11    Str: 18    XL:     9   Next: 68%
Magic:  12/12      EV: 19    Int: 22    God:
Gold:   154        SH:  0    Dex: 16    Spells: 8/8 levels left

rFire    x . .     SeeInvis .   a - +0 shortbow
rCold    + + .     Gourm    .   (shield currently unavailable)
rNeg     . . .     Faith    .   B - +1 ring mail
rPois    .         Spirit   .   (no helmet)
rElec    .         Reflect  .   C - +0 cloak
rCorr    .         Harm     .   G - +0 pair of gloves
MR       .....                  F - +2 pair of boots
Stlth    +.........             R - amulet of regeneration
Regen    0.7/turn               p - ring of ice
MPRegen  0.2/turn               (no ring)

@: no status effects
A: repulsion field 1, clever 1, cold resistance 1, deterioration 1, high mp 1,
strong 1
a: no special abilities


You were on level 10 of the Dungeon.
You were not hungry.

You visited 1 branch of the dungeon, and saw 10 of its levels.
You also visited: Ossuary.

You collected 322 gold pieces.
You spent 168 gold pieces at shops.

Inventory:

Hand Weapons
 a - a +0 shortbow (weapon)
 b - a +2 blowgun
 d - a +0 club
 e - a +0 dagger of chaos
   (You took it off Psyche on level 9 of the Dungeon)
 S - a +0 short sword
Missiles
 g - 20 stones
 h - 92 arrows (quivered)
 j - 5 tomahawks
 o - 57 sling bullets
 P - a curare-tipped needle
Armour
 B - a +1 ring mail (worn)
 C - a +0 cloak (worn)
 F - a +2 pair of boots (worn)
 G - a +0 pair of gloves (worn)
 O - a +1 robe of magic resistance
   (You took it off Psyche on level 9 of the Dungeon)
Magical Staves
 n - an uncursed staff of poison
   (You found it on level 5 of the Dungeon)
 N - an uncursed staff of conjuration {!a}
   (You found it on level 9 of the Dungeon)
Jewellery
 p - a ring of ice (left hand)
   (You found it on level 3 of the Dungeon)
 R - an amulet of regeneration (around neck)
   (You found it on level 1 of the Dungeon)
Wands
 c - a wand of acid (0/15)
 K - a wand of confusion (16/48)
 L - a wand of polymorph (9/24)
 Q - a wand of acid (4/15)
Scrolls
 l - a scroll of random uselessness {unknown}
 r - 3 scrolls of remove curse
 v - a scroll of teleportation
 x - a scroll of recharging
 y - a scroll of enchant weapon {unknown}
 E - a scroll of amnesia
 H - a scroll of fear {unknown}
 I - a scroll of acquirement {unknown}
 J - a scroll of fog {unknown}
Potions
 i - 2 potions of cancellation
 k - a potion of berserk rage
 m - a potion of mutation {!q}
 q - 5 potions of curing
 s - a potion of magic
 t - a potion of ambrosia
 u - a potion of heal wounds
 w - 2 potions of haste
 U - a potion of brilliance {unknown}
Miscellaneous
 M - a fan of gales
Comestibles
 f - 2 bread rations
 z - a meat ration
 A - 3 fruits
 D - a royal jelly
 T - 4 chunks of flesh


   Skills:
 - Level 10.2 Fighting
 - Level 1.0 Short Blades
 - Level 1.0 Bows
 - Level 1.0 Throwing
 - Level 1.0 Armour
 + Level 9.5 Dodging
 - Level 1.0 Evocations


You had 8 spell levels left.
You didn't know any spells.

Dungeon Overview and Level Annotations

Branches:
Dungeon (10/15)            Temple (0/1) D:5
   Lair: D:8-11         Orc: D:9-12

Shops:
D:7 !

Annotations:
D:2 Robin
D:10 Gastronok


Innate Abilities, Weirdness & Mutations

You have an increased reservoir of magic. (+10% MP)
You are surrounded by a mild repulsion field. (EV +2)
Your mind is acute. (Int +2)
Your flesh is cold resistant. (rC+)
Your body sometimes deteriorates upon taking damage.
Your muscles are strong. (Str +2)


Message History

The red ugly thing is heavily wounded.
This wand has 0 charges left.
The red ugly thing closely misses you.
Evoke which item? (* to show all) (? for menu, Esc to quit)
This wand has no charges.
Evoke which item? (* to show all) (? for menu, Esc to quit)
Aiming: Confuse
Press: ? - help, Shift-Dir - straight line, f/p - red ugly thing
Aim: a red ugly thing (moderately wounded, covered in acid, chance to defeat MR: 31%)
The red ugly thing easily resists.
This wand has 17 charges left.
The red ugly thing kicks you but does no damage.
Evoke which item? (* to show all) (? for menu, Esc to quit)
Aiming: Confuse
Press: ? - help, Shift-Dir - straight line, f/p - red ugly thing
Aim: a red ugly thing (moderately wounded, covered in acid, chance to defeat MR: 31%)
The red ugly thing appears confused.
This wand has 16 charges left.
Firing (i - inventory. (,) - cycle):
h - 105 arrows (quivered)
Press: ? - help, Shift-Dir - straight line, f/p - red ugly thing
Aim: a red ugly thing (moderately wounded, confused, covered in acid)
You shoot an arrow. The arrow hits the red ugly thing.
The red ugly thing is heavily wounded.
You see here 2 arrows.
Firing (i - inventory. (,) - cycle):
h - 104 arrows (quivered)
Press: ? - help, Shift-Dir - straight line, f/p - red ugly thing
Aim: a red ugly thing (heavily wounded, confused, covered in acid)
You shoot an arrow.
The arrow barely misses the red ugly thing.
Firing (i - inventory. (,) - cycle):
h - 103 arrows (quivered)
Press: ? - help, Shift-Dir - straight line, f/p - red ugly thing
Aim: a red ugly thing (heavily wounded, confused, covered in acid)
You shoot an arrow. The arrow hits the red ugly thing!
The red ugly thing is heavily wounded.
Firing (i - inventory. (,) - cycle):
h - 102 arrows (quivered)
Press: ? - help, Shift-Dir - straight line, f/p - red ugly thing
Aim: a red ugly thing (heavily wounded, confused, covered in acid)
You shoot an arrow. The arrow hits the red ugly thing!
The red ugly thing is severely wounded.
The red ugly thing is no longer covered in acid.
Firing (i - inventory. (,) - cycle):
h - 101 arrows (quivered)
Press: ? - help, Shift-Dir - straight line, f/p - red ugly thing
Aim: a red ugly thing (severely wounded, confused)
You shoot an arrow. The arrow hits the red ugly thing.
The red ugly thing is severely wounded.
Firing (i - inventory. (,) - cycle):
h - 100 arrows (quivered)
Press: ? - help, Shift-Dir - straight line, f/p - red ugly thing
Aim: a red ugly thing (severely wounded, confused)
You shoot an arrow.
The arrow hits the red ugly thing but does no damage.
The red ugly thing is severely wounded.
Firing (i - inventory. (,) - cycle):
h - 99 arrows (quivered)
Press: ? - help, Shift-Dir - straight line, f/p - red ugly thing
Aim: a red ugly thing (severely wounded, confused)
You shoot an arrow.
The arrow hits the red ugly thing but does no damage.
The red ugly thing is severely wounded.
Firing (i - inventory. (,) - cycle):
h - 98 arrows (quivered)
Press: ? - help, Shift-Dir - straight line, f/p - red ugly thing
Aim: a red ugly thing (severely wounded, confused)
You shoot an arrow. The arrow hits the red ugly thing.
The red ugly thing is severely wounded.
Firing (i - inventory. (,) - cycle):
h - 97 arrows (quivered)
Press: ? - help, Shift-Dir - straight line, f/p - red ugly thing
Aim: a red ugly thing (severely wounded, confused)
You shoot an arrow. The arrow hits the red ugly thing!
The red ugly thing is severely wounded.
The red ugly thing seems less confused.
The red ugly thing misses you.
Firing (i - inventory. (,) - cycle):
h - 96 arrows (quivered)
Press: ? - help, Shift-Dir - straight line, f/p - red ugly thing
Aim: a red ugly thing (severely wounded)
You shoot an arrow.
The arrow barely misses the red ugly thing.
The red ugly thing misses you.
Firing (i - inventory. (,) - cycle):
h - 95 arrows (quivered)
Press: ? - help, Shift-Dir - straight line, f/p - red ugly thing
Aim: a red ugly thing (severely wounded)
You shoot an arrow.
The arrow barely misses the red ugly thing.
The red ugly thing barely misses you.
Firing (i - inventory. (,) - cycle):
h - 94 arrows (quivered)
Press: ? - help, Shift-Dir - straight line, f/p - red ugly thing
Aim: a red ugly thing (severely wounded)
You shoot an arrow. The arrow hits the red ugly thing.
The red ugly thing is severely wounded.
The red ugly thing misses you.
The red ugly thing completely misses you.
Gastronok the Ponderous comes into view.
Press: ? - help, . - travel You can't see that place. [the floor.] Firing (i - inventory. (,) - cycle):
h - 93 arrows (quivered)
Press: ? - help, Shift-Dir - straight line, f/p - red ugly thing
Aim: a red ugly thing (severely wounded)
You shoot an arrow. The arrow hits the red ugly thing.
The red ugly thing is severely wounded.
The red ugly thing kicks you.
You are engulfed in flames!!
The fire burns you terribly!
* * * LOW HITPOINT WARNING * * *
The red ugly thing kicks you!
* * * LOW HITPOINT WARNING * * *
You are engulfed in flames!!
The fire burns you terribly!
You die...

....#....#.......#
#
...#....'.......###
..#....#..........
#.#....#.#'###....
#.######.#...#....
#.....)..#...#....
#....###.#...#....
#.#### #.#...+....
#@# #.#####.... #u#
#.. ....... #.#
#.......... #.#
#.......... . #.#
..........
...#####(# ........
........(# ....
##....((#
#....(.......


You could see a red ugly thing.

Vanquished Creatures
  A two-headed ogre (D:9)
  Psyche (D:9)
  The ghost of tidbits the Skirmisher, an amateur DgWn (D:6)
  Grinder (D:6)
  A hungry ghost (D:7)
  The ghost of dscm the Chopper, an amateur GrGl (Ossuary)
  An ice beast (D:9)
  A sky beast (D:9)
  4 ogres
  A black bear (D:9)
  A necrophage (D:5)
  6 centaurs
  2 bullfrogs
  A wyvern zombie (D:10)
  A wyvern skeleton (D:10)
  A scorpion (D:6)
  A killer bee (D:9)
  A crimson imp (D:9)
  A bullfrog zombie (D:6)
  A jelly (D:5)
  2 quasits (D:9)
  3 hounds
  An orc wizard (D:9)
  2 orc priests
  A centaur skeleton (D:9)
  Ijyb (D:3)
  3 iguanas
  3 worker ants
  5 big kobold zombies (Ossuary)
  A hound skeleton (D:4)
  A mummy (Ossuary)
  3 worker ant zombies
  A gnoll (D:9)
  9 adders
  A shadow imp (D:4)
  A leopard gecko (D:8)
  3 orcs
  A giant cockroach (D:2)
  4 goblins (D:3)
  5 hobgoblins
  3 kobolds
  A quokka (D:6)
  A ball python (D:4)
  A bat (D:5)
  A bat simulacrum (Ossuary)
  5 frilled lizards
  4 gnoll zombies (Ossuary)
  5 goblin simulacra (Ossuary)
  5 goblin zombies (Ossuary)
  7 hobgoblin zombies (Ossuary)
  5 kobold simulacra (Ossuary)
  3 kobold zombies (Ossuary)
  2 orc zombies (Ossuary)
  4 rats
  3 rat simulacra (Ossuary)
130 creatures vanquished.

Vanquished Creatures (others)
  A hobgoblin zombie (Ossuary)
1 creature vanquished.

Grand Total: 131 creatures vanquished

Notes
Turn   | Place    | Note
-------+----------+-------------------------------------------
     0 | D:1      | tidbits the Demigod Wanderer began the quest for the Orb.
     0 | D:1      | tidbits set off with: 4 curare-tipped needles, a +2 blowgun, a +0 ring mail, a scroll of teleportation, a bread ration
     0 | D:1      | Reached XP level 1. HP: 22/22 MP: 3/3
   155 | D:2      | Reached skill level 1 in Dodging
   235 | D:2      | Reached skill level 2 in Dodging
   235 | D:2      | Reached XP level 2. HP: 28/28 MP: 5/5
   357 | D:2      | Noticed Robin
   365 | D:3      | Reached XP level 3. HP: 24/34 MP: 6/6
   466 | D:3      | Noticed Ijyb
   476 | D:3      | Killed Ijyb
   604 | D:5      | Entered Level 5 of the Dungeon
   606 | D:5      | Noticed a centaur
   608 | D:4      | Reached skill level 5 in Fighting
   736 | D:4      | Reached XP level 4. HP: 40/42 MP: 7/7
   824 | D:5      | Reached XP level 5. HP: 28/50 MP: 8/8
   853 | D:5      | Noticed a necrophage
   856 | D:5      | Killed a necrophage
   856 | D:5      | Reached skill level 6 in Fighting
   873 | D:5      | Found a staircase to the Ecumenical Temple.
   911 | D:5      | Killed a centaur
   911 | D:5      | Reached XP level 6. HP: 53/58 MP: 9/9
  1003 | D:7      | Noticed a hungry ghost
  1050 | D:6      | Reached skill level 7 in Fighting
  1141 | D:6      | Noticed tidbits's ghost (amateur DgWn)
  1150 | D:6      | Killed tidbits's ghost
  1150 | D:6      | Reached skill level 8 in Fighting
  1150 | D:6      | Reached XP level 7. HP: 63/68 MP: 10/10
  1163 | D:6      | Found a sand-covered staircase.
  1168 | Ossuary  | Entered an ossuary
  1400 | Ossuary  | Noticed dscm's ghost (amateur GrGl)
  1402 | Ossuary  | Killed dscm's ghost
  1634 | D:6      | Reached skill level 9 in Fighting
  1753 | D:7      | Killed a hungry ghost
  1875 | D:6      | Noticed Grinder
  1875 | D:6      | Paralysed by Grinder for 7 turns
  1885 | D:6      | Killed Grinder
  1885 | D:6      | Reached XP level 8. HP: 73/79 MP: 11/11
  1920 | D:6      | Reached skill level 10 in Fighting
  1955 | D:6      | Found a deep blue altar of Sif Muna.
  1977 | D:7      | Found Pupeuxte's Distillery.
  1989 | D:7      | Bought a potion of curing for 36 gold pieces
  1989 | D:7      | Bought a potion of degeneration for 12 gold pieces
  1989 | D:7      | Bought a potion of haste for 120 gold pieces
  1991 | D:7      | Gained mutation: You are agile. (Dex +2) [potion of mutation]
  1991 | D:7      | Gained mutation: You have a pair of small horns on your head. [potion of mutation]
  1992 | D:7      | Lost mutation: You have a pair of small horns on your head. [potion of mutation]
  1992 | D:7      | Lost mutation: You are agile. (Dex +2) [potion of mutation]
  1992 | D:7      | Gained mutation: Your body sometimes deteriorates upon taking damage. [potion of mutation]
  1992 | D:7      | Gained mutation: You have sharp toenails. [potion of mutation]
  1992 | D:7      | Gained mutation: You are somewhat resistant to further mutation. [potion of mutation]
  1993 | D:7      | Lost mutation: You have sharp toenails. [potion of mutation]
  1993 | D:7      | Lost mutation: You are somewhat resistant to further mutation. [potion of mutation]
  1993 | D:7      | Gained mutation: You are surrounded by a mild repulsion field. (EV +2) [potion of mutation]
  1993 | D:7      | Gained mutation: Your muscles are strong. (Str +2) [potion of mutation]
  1993 | D:7      | Gained mutation: Your mind is acute. (Int +2) [potion of mutation]
  1993 | D:7      | Gained mutation: Your flesh is cold resistant. (rC+) [potion of mutation]
  2098 | D:9      | Found a runed door.
  2195 | D:7      | Reached skill level 3 in Dodging
  2381 | D:8      | Reached skill level 4 in Dodging
  2521 | D:9      | Reached skill level 5 in Dodging
  2554 | D:10     | Entered Level 10 of the Dungeon
  2774 | D:9      | Noticed Psyche
  2793 | D:9      | Killed Psyche
  2793 | D:9      | Reached skill level 6 in Dodging
  2793 | D:9      | Reached XP level 9. HP: 66/85 MP: 12/12
  2885 | D:9      | Reached skill level 7 in Dodging
  2965 | D:9      | Noticed a two-headed ogre
  2975 | D:9      | Killed a two-headed ogre
  2975 | D:9      | Reached skill level 8 in Dodging
  3014 | D:9      | Reached skill level 9 in Dodging
  3153 | D:9      | Found a runed door.
  3273 | D:10     | Noticed a red ugly thing
  3298 | D:10     | Noticed Gastronok
  3303 | D:10     | Slain by a red ugly thing

Skill      XL: |  1  2  3  4  5  6  7  8  9 |
---------------+----------------------------+-----
Dodging        | 2 6 9 |  9.5
Fighting       | 5 6 8 9 10 | 10.2
Short Blades   | |  1.0
Bows           | |  1.0
Throwing       | |  1.0
Armour         | |  1.0
Evocations     | |  1.0

Action                   |  1- 3 |  4- 6 |  7- 9 || total
-------------------------+-------+-------+-------++-------
Melee: Club              |    50 |    26 |     8 ||    84
       Unarmed           |     7 |       |       ||     7
 Fire: Blowgun           |    17 |     3 |     8 ||    28
       Shortbow          |       |    15 |   545 ||   560
Evoke: Wand              |     1 |     7 |    16 ||    24
  Use: Scroll            |     6 |     1 |     9 ||    16
       Potion            |     1 |       |     3 ||     4
  Eat: Chunk             |       |     1 |     3 ||     4
       Bread ration      |       |       |     3 ||     3
       Royal jelly       |       |       |     1 ||     1
Armor: Ring mail         |    20 |    22 |   163 ||   205
Dodge: Dodged            |    42 |    28 |   314 ||   384

Table legend:
 A = Turns spent in this place as a percentage of turns spent in the entire game.
 B = Non-inter-level travel turns spent in this place as a percentage of non-inter-level travel turns spent in the entire game.
 C = Inter-level travel turns spent in this place as a percentage of turns spent in this place.
 D = Turns resting spent in this place as a percentage of non-inter-level travel turns spent in this place.
 E = Turns spent auto-exploring this place as a percentage of non-inter-level travel turns spent in this place.
 F = Non-inter-level travel turns spent in this place divided by the number of levels of this place that you've seen.
                   A       B       C       D       E      F
               +-------+-------+-------+-------+-------+----------------------
         Total | 100.0 | 100.0 |   0.1 |   0.0 |   0.0 | 279.2
       Dungeon |  88.6 |  88.6 |   0.1 |   0.0 |   0.0 | 272.1
       Ossuary |  11.4 |  11.4 |   0.0 |   0.0 |   0.0 | 350.0
               +-------+-------+-------+-------+-------+----------------------

Table legend:
 A = Kills in this place as a percentage of kills in entire the game.
 B = Kills by you in this place as a percentage of kills by you in the entire game.
 C = Kills by friends in this place as a percentage of kills by friends in the entire game.
 D = Other kills in this place as a percentage of other kills in the entire game.
 E = Experience gained in this place as a percentage of experience gained in the entire game.
 F = Experience gained in this place divided by the number of levels of this place that you have seen.
                   A       B       C       D       E      F
               +-------+-------+-------+-------+-------+----------------------
         Total | 100.0 | 100.0 |  -nan |  -nan | 100.0 | 504.6
       Dungeon |  67.7 |  67.7 |  -nan |  -nan |  95.0 | 527.3
       Ossuary |  32.3 |  32.3 |  -nan |  -nan |   5.0 | 278.0
               +-------+-------+-------+-------+-------+----------------------

Vault maps used:
D:1:      minmay_arrival_jagged
D:2:      uniq_natasha, uniq_robin
D:3:      kennysheep_the_goblin_king, first_bread, uniq_jessica, uniq_ijyb
D:5:      minmay_temple_entry_glass, okawaru_gym_becter, uniq_duvessa
D:6:      enter_ossuary_5, interstate_on_off, led_sif_pool, uniq_grinder
D:7:      serial_shops, shop
D:9:      cheibrodos_histonic, uniq_psyche
D:10:     serial_shops, nicolae_shop_crystal, shop,
          nicolae_shop_temple_entry_statues_fountains,
          kennysheep_generic_room_2, uniq_gastronok
Ossuary:  ossuary_zaba_two_paths
